 Dungeon Crawl Stone Soup version 0.29-a0-577-gafbf2c5d25 (webtiles) character file.

Game seed: 17385940519245722932

20244 Match the Thaumaturge (level 13, 0/90 HPs)
             Began as a Djinni Fire Elementalist on June 10, 2022.
             Was a Priest of Makhleb.
             Slain by an ogre
             ... wielding a +0 giant club
              (23 damage)
             ... on level 12 of the Dungeon on June 13, 2022.
             The game lasted 00:45:41 (15591 turns).

Match the Thaumaturge (Djinni Fire Elementalist)   Turns: 15591, Time: 00:45:42

Health: 0/90       AC:  9    Str:  7    XL:     13   Next: 10%
Gold:   708        EV: 14    Int: 21    God:    Makhleb [***...] SH:  0 Dex: 21

rFire   + + .      SeeInvis .     - Blade Hands
rCold   . . .      Faith    .   (shield currently unavailable)
rNeg    + . .      Spirit   .   q - +2 ring mail {rC+}
rPois   ∞          Reflect  .   m - +0 helmet
rElec   .          Harm     .   (no cloak)
rCorr   .          Rampage  .   (gloves currently unavailable)
Will    +....                   (boots unavailable)
Stlth   ++........              u - amulet of the acrobat
HPRegen 0.25/turn               a - ring of positive energy
MPRegen 0.00/turn               L - +6 ring of dexterity

@: blade hands (expiring), flying, very slightly contaminated
A: flying, sickness immunity, fire resistance 2, cold vulnerability 1, float,
innate caster, HP casting, extra vitality 1
a: End Transformation, Renounce Religion, Minor Destruction, Lesser Servant of
Makhleb


You were on level 12 of the Dungeon.
You worshipped Makhleb.
Makhleb was most pleased with you.
You had blades for hands.
You visited 2 branches of the dungeon, and saw 13 of its levels.
You also visited: Bailey.

You collected 812 gold pieces.
You spent 104 gold pieces at shops.

Inventory:

Hand Weapons
 b - a +4 short sword of flaming (melded)
 j - a +1 dagger of electrocution
 H - a +2 short sword of speed
Armour
 k - a +0 pair of gloves (melded)
 m - a +0 helmet (worn)
 q - a +2 ring mail of cold resistance (worn)
 z - +0 acid dragon scales
Magical Staves
 l - a staff of earth
Jewellery
 a - a ring of positive energy (left blade hand)
 p - a ring of positive energy
 u - an amulet of the acrobat (around neck)
 I - a ring of protection from fire
 L - a +6 ring of dexterity (right blade hand)
Wands
 h - a wand of flame (52)
 i - a wand of paralysis (3)
 w - a wand of iceblast (16)
 G - a wand of acid (8)
 J - a wand of polymorph (12)
 O - a wand of mindburst (3)
Scrolls
 d - a scroll of magic mapping
 f - 2 scrolls of poison
 g - 7 scrolls of enchant weapon
 n - 2 scrolls of immolation
 o - 2 scrolls of brand weapon
 s - 2 scrolls of vulnerability
 t - 5 scrolls of summoning
 v - 9 scrolls of teleportation
 y - a scroll of fog
 D - 7 scrolls of enchant armour
 M - a scroll of blinking
 Q - a scroll of acquirement {unknown}
Potions
 c - 10 potions of curing
 e - 4 potions of ambrosia
 r - 4 potions of brilliance
 x - 3 potions of might
 A - 2 potions of lignification
 B - a potion of cancellation {unknown}
 C - 5 potions of haste
 E - 2 potions of heal wounds {unknown}
 F - a potion of berserk rage {unknown}
 K - 2 potions of mutation {unknown}
 N - a potion of invisibility {unknown}
 P - a potion of resistance {unknown}


   Skills:
 * Level 7.4 Fighting
 + Level 0.8 Short Blades
 + Level 4.5 Armour
 * Level 8.9 Dodging
 + Level 3.8 Stealth
 * Level 12.9 Spellcasting
 + Level 0.7 Evocations


You had 4 spell levels left.
You knew the following spells:

 Your Spells              Type           Power      Damage    Failure   Level
a - Foxfire               Conj/Fire      100%       2x1d9     6%          1
b - Scorch                Fire           100%       2d10      7%          2
c - Conjure Flame         Conj/Fire      61%        6-21      9%          3
d - Inner Flame           Hex/Fire       61%        N/A       9%          3
e - Flame Wave            Conj/Fire      61%        2d12      13%         4
f - Beastly Appendage     Tmut           100%       N/A       6%          1
g - Call Imp              Summ           61%        N/A       7%          2
h - Tukima's Dance        Hex            61%        N/A       9%          3
i - Animate Armour        Summ/Erth      100%       N/A       13%         4
j - Blade Hands           Tmut           30%        N/A       21%         5
k - Fireball              Conj/Fire      30%        3d13      21%         5
Your spell library was empty.

Dungeon Overview and Level Annotations

Branches:
Dungeon (12/15)            Temple (1/1) D:5            Lair (0/6) D:9
    Orc (0/2) D:12         Bailey (visited)

Altars:
Ashenzari
Cheibriados
Dithmenos
Elyvilon
Fedhas
Gozag
Hepliaklqana
Kikubaaqudgha
Makhleb
Nemelex Xobeh
Okawaru
Qazlal
Ru
Sif Muna
Trog
Uskayaw
Vehumet
Wu Jian
Xom
Yredelemnul
Zin
The Shining One

Shops:
D:3 (**


Innate Abilities, Weirdness & Mutations

You have blades for hands.
You are flying.
Your spellcasting is less reliable in this form.
You are incapable of wielding weapons or throwing items.
You are immune to sickness and miasma.
You are immune to poison.
Your flesh is very heat resistant. (rF++)
You are vulnerable to cold. (rC-)
You float through the air rather than walking.
You learn spells naturally, not from books.
Your magical power is your life essence.
You have superior vitality. (+4 MHP)


Message History

The centaur hits your animated ring mail with a +0 club.
The centaur barely misses your animated ring mail.
Your animated ring mail hits the troll!
Your animated ring mail hits the troll.
The troll bites you! The troll misses you. The troll barely misses you.
You slash the troll!
You kill the troll!
Makhleb accepts your kill.
You feel better.
The centaur unwields a +0 club.
The centaur wields a +0 shortbow.
The centaur shoots an arrow.
The arrow hits your animated ring mail.
Your animated ring mail hits the centaur.
Your animated ring mail hits the centaur but does no damage.
Something hits your animated ring mail!
The centaur shoots an arrow.
The arrow hits your animated ring mail!
Your animated ring mail is destroyed!
Your animated ring mail disappears in a puff of smoke!
The centaur shoots an arrow.
The arrow hits you.
You see here a troll corpse.
Casting: Blade Hands (dangerous; 21% risk of failure)
Confirm with . or Enter, or press ? or * to list all spells.
Aiming: Fireball (dangerous; 21% risk of failure)
Press: ? - help, Shift-Dir - straight line, f - ogre
Aim: an ogre, wielding a +0 giant club You miscast Fireball.
You are very lightly contaminated with residual magic.
Nothing appears to happen.
The centaur shoots an arrow.
The arrow hits you.
* * * LOW HITPOINT WARNING * * *
You slash the ogre!
The ogre is moderately wounded.
The ogre closely misses you.
You hit the ogre.
The ogre is moderately wounded.
The ogre hits you with a +0 giant club.
* * * LOW HITPOINT WARNING * * *
You hit the ogre.
The ogre is heavily wounded.
You slash the ogre!
The ogre is almost dead.
The ogre hits you with a +0 giant club!!
You die...

........########
#
...............#
###
..############.#
#.. . #.# #..
#.# #..
#.###########
###
#.#..........
#.#..........
#@#o........#
#.Oo...)..>..
###c.#!..)o..
#.)#...)...
#...))O.o..
################
#.... #....
#.###


You could see an orc warrior, an ogre and a centaur.

Vanquished Creatures
  A boulder beetle (D:12)
  4 two-headed ogres
  Pikel (D:5)
  2 orc knights (Bailey)
  2 unseen horrors (D:11)
  A komodo dragon (D:11)
  3 trolls
  Sigmund (D:2)
  3 wyverns
  2 wraiths
  A vampire (D:11)
  2 yaks
  A dancing weapon (D:6)
  2 basilisks (D:9)
  Grum (D:8)
  A steam dragon (D:8)
  4 vampire mosquitoes (D:12)
  3 acid dragons
  2 water moccasins
  6 orc warriors
  2 black bears
  An ogre (D:5)
  An ice beast (D:7)
  4 wolves (D:8)
  4 centaurs
  2 kobold brigands
  2 phantoms (D:7)
  3 bullfrogs
  Blork the orc (D:6)
  A necrophage (D:6)
  3 scorpions
  8 wights
  Dowan (D:7)
  7 killer bees
  6 electric eels
  A howler monkey (D:9)
  4 hounds
  3 jellies
  9 orc priests
  Terence (D:2)
  5 iguanas
  Natasha (thrice) (D:2)
  6 orc wizards
  Robin (D:2)
  3 gnolls (D:4)
  7 adders
  A shadow imp (D:4)
  2 white imps (D:7)
  2 ufetubi
  4 worms
  4 dart slugs
  66 orcs
  8 ball pythons
  3 bats
  8 endoplasms
  4 giant cockroaches
  19 goblins
  9 hobgoblins
  4 jackals (D:2)
  3 quokkas
  3 frilled lizards (D:1)
  20 kobolds
  5 rats
297 creatures vanquished.

Vanquished Creatures (collateral kills)
  Duvessa (D:7)
  A wight (D:10)
2 creatures vanquished.

Vanquished Creatures (others)
  2 dancing weapons
  690 foxfires
  A plant (D:9)
693 creatures vanquished.

Grand Total: 992 creatures vanquished

Notes
Turn   | Place    | Note
-------+----------+-------------------------------------------
     0 | D:1      | Match the Djinni Fire Elementalist began the quest for the
                  | Orb.
     0 | D:1      | Reached XP level 1. HP: 15/15 MP: 0/0
   191 | D:1      | Reached XP level 2. HP: 14/21 MP: 0/0
   702 | D:1      | Reached XP level 3. HP: 21/26 MP: 0/0
   702 | D:1      | Learned a level 1 spell: Beastly Appendage
   711 | D:1      | Reached skill level 1 in Fighting
   800 | D:1      | Reached skill level 3 in Spellcasting
  1968 | D:2      | Reached XP level 4. HP: 28/32 MP: 0/0
  2122 | D:2      | Found a broken altar of Ashenzari.
  2122 | D:2      | You are sucked into a shaft and drop 2 floors!
  2416 | D:2      | Noticed Natasha
  2420 | D:2      | Killed Natasha
  2421 | D:2      | Reached XP level 5. HP: 21/37 MP: 0/0
  2421 | D:2      | Learned a level 2 spell: Call Imp
  2503 | D:2      | Noticed Natasha
  2511 | D:2      | Killed Natasha
  2512 | D:2      | Reached skill level 4 in Spellcasting
  2799 | D:2      | Noticed Robin
  2799 | D:2      | Noticed Sigmund
  2808 | D:2      | Killed Robin
  2827 | D:2      | Killed Sigmund
  2828 | D:2      | Reached XP level 6. HP: 17/43 MP: 0/0
  2906 | D:2      | Noticed Natasha
  2909 | D:2      | Killed Natasha
  3172 | D:2      | Reached XP level 7. HP: 46/48 MP: 0/0
  3172 | D:2      | Learned a level 3 spell: Tukima's Dance
  3197 | D:2      | Noticed Terence
  3204 | D:2      | Killed Terence
  3860 | D:3      | Found Mivinan's General Store.
  3868 | D:3      | Bought 2 potions of curing for 78 gold pieces
  3868 | D:3      | Bought a scroll of identify for 26 gold pieces
  4024 | D:3      | Upgraded the game from 0.29-a0-559-g359e09b9d1 to
                  | 0.29-a0-575-g0dc89cf053
  4024 | D:3      | Upgraded the game from 0.29-a0-575-g0dc89cf053 to
                  | 0.29-a0-577-gafbf2c5d25
  4031 | D:3      | Found Wief's General Store.
  4184 | D:3      | Found Panufua's Weapon Emporium.
  4246 | D:3      | Reached skill level 5 in Spellcasting
  4266 | D:3      | Found a broken altar of Ashenzari.
  5655 | D:5      | Entered Level 5 of the Dungeon
  5684 | D:5      | Reached XP level 8. HP: 33/55 MP: 0/0
  5693 | D:5      | Reached skill level 6 in Spellcasting
  6115 | D:5      | Found a staircase to the Ecumenical Temple.
  6120 | Temple   | Entered the Ecumenical Temple
  6318 | Temple   | Became a worshipper of Makhleb the Destroyer
  6803 | D:5      | Found a shimmering altar of Xom.
  6822 | D:5      | Noticed Pikel
  6828 | D:5      | Killed Pikel
  6829 | D:5      | Reached skill level 7 in Spellcasting
  6829 | D:5      | Reached XP level 9. HP: 53/61 MP: 0/0
  6829 | D:5      | Learned a level 4 spell: Animate Armour
  7048 | D:6      | Noticed a +0 short sword
  7048 | D:6      | Noticed a +0 falchion
  7048 | D:6      | Noticed a +0 dagger
  7050 | D:6      | Noticed a +0 short sword
  7051 | D:6      | Noticed a +0 spear
  7051 | D:6      | Noticed a +0 spear
  7053 | D:6      | Noticed a +0 falchion
  7156 | D:6      | Noticed a +0 dagger
  7164 | D:6      | Found a hide-covered altar of Uskayaw.
  7301 | D:6      | Found a sacrificial altar of Ru.
  7315 | D:6      | Reached skill level 8 in Spellcasting
  7348 | D:6      | Noticed Blork the orc
  7353 | D:6      | Killed Blork the orc
  8121 | D:7      | Found a shadowy altar of Dithmenos.
  8364 | D:7      | Reached * piety under Makhleb
  8591 | D:7      | Reached skill level 9 in Spellcasting
  8591 | D:7      | Reached XP level 10. HP: 35/67 MP: 0/0
  8613 | D:7      | Reached skill level 5 in Dodging
  8960 | D:7      | Noticed Duvessa
  8960 | D:7      | Noticed Dowan
  8963 | D:7      | Killed Dowan
  8969 | D:7      | Killed Duvessa
  9773 | D:8      | Noticed Grum
  9788 | D:8      | Killed Grum
  9967 | D:8      | Noticed a two-headed ogre
  9979 | D:8      | Killed a two-headed ogre
  9980 | D:8      | Reached skill level 10 in Spellcasting
 10104 | D:8      | Reached ** piety under Makhleb
 10716 | D:9      | Reached XP level 11. HP: 68/74 MP: 0/0
 10716 | D:9      | Learned a level 5 spell: Blade Hands
 10914 | D:9      | Noticed a two-headed ogre
 10919 | D:9      | Killed a two-headed ogre
 10920 | D:9      | Reached skill level 5 in Fighting
 10920 | D:9      | Reached skill level 11 in Spellcasting
 11152 | D:9      | Found a staircase to the Lair.
 11487 | D:9      | Found a hazy altar of Hepliaklqana.
 11996 | D:10     | Entered Level 10 of the Dungeon
 12088 | D:10     | Found a flagged portal.
 12150 | Bailey   | Entered a bailey
 12350 | Bailey   | Reached *** piety under Makhleb
 12420 | Bailey   | Noticed an orc knight
 12431 | Bailey   | Noticed an orc knight
 12433 | Bailey   | Killed an orc knight
 12444 | Bailey   | Killed an orc knight
 12835 | D:10     | Reached skill level 12 in Spellcasting
 12835 | D:10     | Reached XP level 12. HP: 84/84 MP: 0/0
 12928 | D:10     | Found a white marble altar of Elyvilon.
 13790 | D:11     | Noticed a two-headed ogre
 13795 | D:11     | Killed a two-headed ogre
 14351 | D:11     | Noticed a two-headed ogre
 14355 | D:11     | Killed a two-headed ogre
 15069 | D:12     | Reached XP level 13. HP: 81/90 MP: 0/0
 15069 | D:12     | Learned a level 5 spell: Fireball
 15283 | D:12     | Noticed a boulder beetle
 15300 | D:12     | Killed a boulder beetle
 15569 | D:12     | Found a staircase to the Orcish Mines.
 15591 | D:12     | Slain by an ogre

Illustrated notes

Levels and vault maps discovered:
D:1:      onia_arrival_handbag, layout_basic, serial_aquarium,
          aquarium_bridge_long_joined [aquarium_subvault_bridge,
          aquarium_subvault_balcony, aquarium_subvault_bridge,
          aquarium_subvault_bridge, aquarium_subvault_wall,
          aquarium_subvault_bridge], aquarium_window_corridor_2,
          aquarium_window_2, aquarium_window_fake, aquarium_window_1,
          aquarium_view_2f, aquarium_view_2f, aquarium_pool_five
D:2:      minmay_spotlight, layout_basic, basic_altar, grunt_ministairs_13,
          uniq_terence, uniq_robin, uniq_sigmund, uniq_natasha
D:3:      layout_basic, minitemple, serial_shops, shop,
          nicolae_shop_bloodbath_and_beyond, nicolae_diamond_shop
D:4:      layout_basic, minmay_misc_feat_tiny
D:5:      layout_basic, mainiacjoe_overflow_six_doors_small, temple_doors_cd,
          uniq_pikel
D:6:      layout_basic, mainiacjoe_overflow_tiny_flanked,
          nicolae_uskayaw_en_pointe, minmay_misc_feat_encased,
          grunt_decor_mini_mirrors, uniq_blork_the_orc
D:7:      layout_loops_cross, nicolae_dithmenos_shadow_blocks, minivault_23,
          grunt_decor_junction, minmay_between, uniq_duvessa
D:8:      layout_basic, uniq_grum
D:9:      layout_stronghold, kennysheep_little_box, david_lair_generic,
          serial_rivers, chequers_serial_rivers_micro_b,
          chequers_serial_rivers_marsh, chequers_serial_rivers_marsh,
          chequers_serial_rivers_micro_b
D:10:     layout_stronghold, kennysheep_mini_moat, enter_bailey_4
D:11:     layout_basic
D:12:     layout_basic, erik_orc_1, minmay_rotating_lava
Temple:   eino_narrow_crystal_temple

Skill      XL: |  1  2  3  4  5  6  7  8  9 10 11 12 |
---------------+-------------------------------------+-----
Fighting       | 1 2 3 4 6 7 |  7.4
Spellcasting   | 3 4 5 7 9 10 12 | 12.9
Stealth        | 2 3 |  3.8
Dodging        | 3 4 5 8 |  8.9
Armour         | 4 |  4.5
Short Blades   | |  0.8
Evocations     | |  0.7

Action                   |  1- 3 |  4- 6 |  7- 9 | 10-12 | 13-15 || total
-------------------------+-------+-------+-------+-------+-------++-------
Melee: Dagger            |     8 |     9 |     5 |     1 |       ||    23
       Short sword       |       |       |       |     9 |       ||     9
       Unarmed           |       |       |       |       |     6 ||     6
 Cast: Foxfire           |    63 |    32 |   138 |   157 |     7 ||   397
       Scorch            |     2 |    25 |    53 |    90 |     4 ||   174
       Call Imp          |       |     1 |       |       |     1 ||     2
       Tukima's Dance    |       |       |     5 |    12 |       ||    17
       Flame Wave        |       |       |     4 |     3 |     2 ||     9
       Beastly Appendage |       |       |     1 |       |       ||     1
       Inner Flame       |       |       |    14 |    43 |     1 ||    58
       Fireball          |       |       |       |       |     7 ||     7
       Blade Hands       |       |       |       |       |     1 ||     1
       Animate Armour    |       |       |       |       |     1 ||     1
Evoke: Wand              |       |     7 |       |     5 |       ||    12
  Use: Scroll            |       |       |    12 |     9 |     1 ||    22
       Potion            |       |       |       |     1 |       ||     1
 Stab: Sleeping          |     3 |       |     2 |     1 |       ||     6
       Paralysed         |       |     5 |       |     4 |       ||     9
Armor: Robe              |     3 |       |       |       |       ||     3
       Animal skin       |       |     1 |     7 |    14 |       ||    22
       Ring mail         |       |       |       |    12 |     2 ||    14
Dodge: Dodged            |     7 |     6 |    21 |    97 |    20 ||   151

Table legend: (Time is in decaauts)
 A = Elapsed time spent in this place.
 B = Non-inter-level travel time spent in this place.
 C = Inter-level travel time spent in this place.
 D = Time resting spent in this place.
 E = Time spent auto-exploring this place.
 F = Levels seen in this place.
 G = Mean time per level.
                   A        B        C        D        E       F      G
               +--------+--------+--------+--------+--------+-----+--------+
         Total |  15585 |  15263 |    322 |    885 |  12598 |  14 | 1113.2 |
       Dungeon |  14696 |  14381 |    315 |    414 |  12384 |  12 | 1224.7 |
        Temple |    204 |    197 |      7 |      0 |    173 |   1 |  204.0 |
        Bailey |    684 |    684 |      0 |    471 |     41 |   1 |  684.0 |
               +--------+--------+--------+--------+--------+-----+--------+

Top non-repeatable levels by time:
     D:1: 1955 daAuts
     D:2: 1710 daAuts
     D:7: 1418 daAuts
    D:11: 1330 daAuts
     D:9: 1299 daAuts
     D:8: 1186 daAuts
     D:5: 1135 daAuts
     D:6: 1092 daAuts
     D:4: 1019 daAuts
    D:10: 1011 daAuts
     D:3: 969 daAuts
  Bailey: 684 daAuts
    D:12: 567 daAuts
  Temple: 204 daAuts
